 Seeded DCSS version 0.29-a0-838-g385bb11a5b (webtiles) character file.

Game seed: 8897551386731462229 (custom seed)

12341 wilfster70 the Spear-Bearer (level 11, -9/67 HPs)
             Began as a Gargoyle Ice Elementalist on July 13, 2022.
             Was a High Priest of Okawaru.
             Mangled by Snorg (10 damage)
             ... on level 10 of the Dungeon.
             The game lasted 00:30:55 (10746 turns).

wilfster70 the Spear-Bearer (GrIE)                 Turns: 10746, Time: 00:30:55

Health: -9/67      AC: 29    Str: 12    XL:     11   Next: 91%
Magic:  15/20      EV: 11    Int: 20    God:    Okawaru [*****.]
Gold:   1688       SH:  0    Dex: 10    Spells: 14/22 levels left

rFire   . . .      SeeInvis +   a - +3 halberd (spect)
rCold   + + .      Faith    .   (shield currently unavailable)
rNeg    + + .      Spirit   .   p - +0 steam dragon scales
rPois   ∞          Reflect  .   v - +2 helmet "Qapeh" {rN+ Slay+3}
rElec   +          Harm     .   N - +2 cloak
rCorr   +          Rampage  .   l - +1 pair of gloves
Will    +....                   k - +3 pair of mountain boots {steadfast, rC+}
Stlth   ++........              g - amulet of regeneration
HPRegen 1.01/turn               m - ring "Anupp" {rC+ Will+ rCorr SInv}
MPRegen 0.17/turn               n - +4 ring of protection

@: freezing walls, very slightly contaminated
A: sickness immunity, AC +8, negative energy resistance 1, electricity
resistance, torment resistance 1, petrification resistance
a: Renounce Religion, Heroism, Finesse, Duel


You were on level 10 of the Dungeon.
You worshipped Okawaru.
Okawaru was extremely pleased with you.
You visited 2 branches of the dungeon, and saw 11 of its levels.
You also visited: Ossuary and Bailey.

You collected 1688 gold pieces.

Inventory:

Hand Weapons
 a - a +3 spectral halberd (weapon)
 j - the +8 sling of Risukash {freeze, Dex+2}
   (You found it in a bailey)

   Any ammunition fired from it freezes those it strikes, dealing additional
   cold damage.
   It can also slow down cold-blooded creatures.
   Dex:       It affects your dexterity (+2).
Missiles
 e - 2 javelins
 f - 3 atropa-tipped darts
 w - a throwing net
 y - 33 poisoned darts
Armour
 k - the +3 pair of mountain boots (worn) {steadfast, rC+}
   (You acquired it on level 1 of the Dungeon)

   It prevents involuntary movement, except for blinking, teleportation, or
   banishment.
   rC:        It protects you from cold.
 l - a +1 pair of gloves (worn)
 p - +0 steam dragon scales (worn)
 v - the +2 helmet "Qapeh" (worn) {rN+ Slay+3}
   (You acquired it on level 8 of the Dungeon)

   Slay:      It affects your accuracy & damage with ranged weapons and melee
   (+3).
   rN:        It protects you from negative energy.
 N - a +2 cloak (worn)
Jewellery
 g - an amulet of regeneration (around neck)
 m - the ring "Anupp" (left hand) {rC+ Will+ rCorr SInv}
   (You acquired it on level 1 of the Dungeon)

   [ring of willpower]

   rC:        It protects you from cold.
   SInv:      It lets you see invisible.
   rCorr:     It protects you from acid and corrosion.
   Will:      It increases your willpower.
 n - a +4 ring of protection (right hand)
 z - a ring of fire
Wands
 A - a wand of charming (10)
 C - a wand of roots (5)
 E - a wand of light (10)
 G - a wand of flame (16)
 K - a wand of digging (6)
 L - a wand of mindburst (11)
Scrolls
 h - 2 scrolls of magic mapping
 i - 2 scrolls of poison
 o - 9 scrolls of teleportation
 q - a scroll of fear
 r - a scroll of identify
 s - 2 scrolls of amnesia
 t - 5 scrolls of blinking
 u - a scroll of enchant weapon
Potions
 b - 2 potions of magic
 c - 12 potions of curing
 x - 3 potions of mutation
 B - 3 potions of degeneration {unknown}
 F - 4 potions of resistance
 H - a potion of invisibility
 I - a potion of brilliance {unknown}
 J - 2 potions of heal wounds {unknown}
 M - 3 potions of haste
 O - 3 potions of lignification {unknown}


   Skills:
 - Level 7.6 Fighting
 - Level 10.0 Polearms
 - Level 1.5 Dodging
 - Level 2.1 Stealth
 - Level 6.0 Spellcasting
 - Level 3.0 Transmutations
 - Level 5.6 Ice Magic
 * Level 7.5 Earth Magic
 - Level 7.7 Invocations
 - Level 4.2 Evocations


You had 14 spell levels left.
You knew the following spells:

 Your Spells              Type           Power      Damage    Failure   Level
a - Passwall              Tmut/Erth      22%        N/A       1%          2
b - Frozen Ramparts       Ice            56%        1d7       3%          3
c - Ozocubu's Armour      Ice            28%        N/A       3%          3

Your spell library contained the following spells:

 Spells                   Type           Power      Damage    Failure   Level
 Freeze                   Ice            100%       1d11      1%          1
 Ensorcelled Hibernation  Hex/Ice        34%        N/A       4%          2
 Stone Arrow              Conj/Erth      42%        3d9       7%          3
 Apportation              Tloc           12%        N/A       11%         1
 Foxfire                  Conj/Fire      24%        2x1d5     11%         1
 Necrotise                Necr           24%        1d5       11%         1
 Ignite Poison            Fire/Tmut/Pois 10%        N/A       21%         3
 Swiftness                Air            6%         N/A       30%         3
 Hailstorm                Conj/Ice       17%        3d6       32%         4
 Alistair's Intoxication  Tmut/Pois      8%         N/A       83%         5
 Fireball                 Conj/Fire      3%         3d4       96%         5
 Orb of Destruction       Conj           3%         9d5       100%        7
 Summon Small Mammal      Summ           Unusable   N/A       N/A         1

Dungeon Overview and Level Annotations

Branches:
Dungeon (10/15)            Temple (1/1) D:7         Ossuary (visited)
 Bailey (visited)
   Lair: D:8-11         Orc: D:9-12

Altars:
Ashenzari
Cheibriados
Elyvilon
Fedhas
Gozag
Hepliaklqana
Kikubaaqudgha
Makhleb
Nemelex Xobeh
Okawaru
Qazlal
Ru
Sif Muna
Trog
Uskayaw
Vehumet
Wu Jian
Xom
Yredelemnul
Zin
The Shining One

Shops:
D:10 =

Annotations:
D:4 2 transporters, Shym's ghost, amateur GrEE
D:7 3 runed translucent doors, Peppero's ghost, novice MiBe
D:10 Snorg


Innate Abilities, Weirdness & Mutations

You are immune to sickness and miasma.
Your stone body is resilient. (AC +8)
You are immune to poison.
You resist negative energy. (rN+)
You are resistant to electric shocks. (rElec)
You are resistant to unholy torment.
You are immune to petrification.


Message History

You now have 1688 gold pieces (gained 22).
You see here a scroll of noise.
Snorg the Insatiable comes into view.
A hornet comes into view.
Casting: Frozen Ramparts (dangerous; 3% risk of failure)
Confirm with . or Enter, or press ? or * to list all spells.
Casting: Frozen Ramparts (dangerous; 3% risk of failure)
Press: ? - help, Dir - look around, f - activate You miscast Frozen Ramparts.
You are very lightly contaminated with residual magic.
Nothing appears to happen.
The hornet buzzes angrily.
Snorg beckons gently.
You barely miss Snorg.
Your +3 spectral halberd hits Snorg from afar!
Snorg goes berserk!
You puncture Snorg!
Snorg is lightly wounded.
Your +3 spectral halberd hits Snorg from afar!
Snorg bites you!! Snorg claws you but does no damage. Snorg barely misses you.
You puncture Snorg!
Snorg is moderately wounded.
Your +3 spectral halberd hits Snorg from afar!
Snorg bites you. Snorg misses you. x2; Snorg bites you!
Snorg closely misses you. Snorg claws you but does no damage.
Casting: Frozen Ramparts (dangerous; 3% risk of failure)
Confirm with . or Enter, or press ? or * to list all spells.
Casting: Frozen Ramparts (dangerous; 3% risk of failure)
Press: ? - help, Dir - look around, f - activate The walls around you are covered in ice.
The wall freezes the hornet.
The wall freezes Snorg.
Snorg barely misses you. Snorg closely misses you. Snorg misses you.
You puncture Snorg!
Snorg is heavily wounded.
Your +3 spectral halberd hits Snorg from afar!
The wall freezes the hornet.
The wall freezes Snorg.
Snorg bites you but does no damage. Snorg claws you! Snorg closely misses you.
The wall freezes the hornet.
The wall freezes Snorg.
Snorg bites you!!
* * * LOW HITPOINT WARNING * * *
Snorg claws you!
You die...

### #.. ... #.#
#######.####
.......y...# #
#T##.# .#
#@##.# #.#
#(##.# #..
#######.##.##.#
..............#
#####.####..#.#
#.####..#
#.......#
#.####..# #..##


You could see Snorg (berserk), a hornet and a friendly +3 spectral halberd
(summoned).

Vanquished Creatures
  2 two-headed ogres
  An orc high priest (Bailey)
  A skeletal warrior (D:9)
  Amaemon (D:8)
  Pikel (D:5)
  An orange demon (D:8)
  A kobold demonologist (Bailey)
  2 hornets (D:9)
  5 wraiths (D:9)
  A vampire (D:9)
  11 yaks
  2 steam dragons
  Menkaure (D:7)
  A sky beast (D:7)
  3 ice beasts (D:6)
  15 orc warriors
  3 black bears
  2 ogres
  A phantom (D:6)
  3 centaurs
  An elf zombie (Ossuary)
  Blork the orc (D:5)
  3 kobold brigands
  4 bullfrogs
  A gnoll sergeant (D:9)
  2 scorpions
  A necrophage (D:7)
  5 wights
  8 killer bees
  2 electric eels (Bailey)
  2 howler monkeys (D:10)
  3 centaur zombies (Ossuary)
  5 orc priests
  3 hounds
  2 human zombies (Ossuary)
  Crazy Yiuf (D:6)
  A gnoll bouda (D:9)
  2 iguanas
  5 orc wizards
  2 killer bee zombies (D:7)
  2 mummies (Ossuary)
  12 adders
  19 gnolls
  A shadow imp (D:7)
  2 white imps (D:5)
  An adder zombie (Ossuary)
  3 worms
  2 dart slugs
  54 orcs
  8 ball pythons
  4 bats
  10 endoplasms
  4 giant cockroaches
  7 goblins
  11 hobgoblins
  4 jackals (D:1)
  25 kobolds
  7 frilled lizards
  3 goblin zombies (Ossuary)
  7 hobgoblin zombies (Ossuary)
  8 kobold zombies (Ossuary)
  10 orc zombies (Ossuary)
  A rat (D:3)
  A rat zombie (Ossuary)
318 creatures vanquished.

Notes
Turn   | Place    | Note
-------+----------+-------------------------------------------
     0 | D:1      | wilfster70 the Gargoyle Ice Elementalist began the quest
                  | for the Orb.
     0 | D:1      | Reached XP level 1. HP: 10/10 MP: 3/3
   262 | D:1      | Reached XP level 2. HP: 15/15 MP: 1/5
   510 | D:1      | Identified a scroll of acquirement
   510 | D:1      | Acquired the +3 pair of mountain boots {steadfast, rC+}
   510 | D:1      | Found the +3 pair of mountain boots {steadfast, rC+}
   899 | D:1      | Acquired the ring "Anupp" {rC+ Will+ rCorr SInv}
   975 | D:2      | Found a faded altar of an unknown god.
   985 | D:2      | Reached XP level 3. HP: 19/19 MP: 3/6
   989 | D:2      | Learned a level 3 spell: Frozen Ramparts
  1381 | D:2      | Reached skill level 5 in Ice Magic
  1430 | D:2      | Learned a level 3 spell: Ozocubu's Armour
  1440 | D:2      | Reached XP level 4. HP: 24/24 MP: 4/8
  1980 | D:3      | Reached XP level 5. HP: 11/28 MP: 2/9
  2276 | D:3      | Found a bloodstained altar of Trog.
  2303 | D:3      | Reached skill level 1 in Polearms
  2429 | D:3      | Reached XP level 6. HP: 27/32 MP: 7/11
  2708 | D:3      | Reached skill level 2 in Polearms
  2755 | D:3      | Found a shimmering altar of Xom.
  3313 | D:4      | Found a transporter.
  3317 | D:4      | Noticed Shym's ghost (amateur GrEE)
  3321 | D:4      | Found a transporter.
  3348 | D:4      | Found a hazy altar of Hepliaklqana.
  3355 | D:4      | Found an ancient bone altar of Kikubaaqudgha.
  3542 | D:4      | Found a blossoming altar of Fedhas.
  3542 | D:4      | Found a snail-covered altar of Cheibriados.
  3684 | D:4      | Found a burning altar of Makhleb.
  3860 | D:4      | Found an opulent altar of Gozag.
  3926 | D:5      | Entered Level 5 of the Dungeon
  3928 | D:5      | Noticed a black bear
  4074 | D:4      | Killed a black bear
  4075 | D:4      | Reached skill level 3 in Polearms
  4075 | D:4      | Reached XP level 7. HP: 36/36 MP: 7/14
  4330 | D:5      | Noticed Pikel
  4365 | D:5      | Killed Pikel
  4366 | D:5      | Reached skill level 4 in Polearms
  4366 | D:5      | Reached XP level 8. HP: 21/41 MP: 12/17
  4533 | D:5      | Reached skill level 5 in Polearms
  4561 | D:5      | Noticed Blork the orc
  4566 | D:5      | Killed Blork the orc
  4567 | D:5      | Reached skill level 1 in Fighting
  5217 | D:6      | Found a glowing golden altar of the Shining One.
  5217 | D:6      | Found a sacrificial altar of Ru.
  5269 | D:6      | Reached skill level 6 in Polearms
  5458 | D:6      | Reached skill level 1 in Evocations
  5458 | D:6      | Reached XP level 9. HP: 53/53 MP: 18/18
  5505 | D:6      | Reached skill level 5 in Fighting
  5833 | D:6      | Found a runed translucent door.
  5834 | D:6      | Noticed Crazy Yiuf
  5841 | D:6      | Killed Crazy Yiuf
  6306 | D:7      | Noticed Menkaure
  6313 | D:7      | Killed Menkaure
  6334 | D:7      | Found a staircase to the Ecumenical Temple.
  6357 | D:7      | Found a sand-covered staircase.
  6370 | Ossuary  | Entered an ossuary
  7719 | D:7      | Found a runed translucent gate.
  7719 | D:7      | Found a runed translucent gate.
  7719 | D:7      | Found a runed translucent gate.
  7719 | D:7      | Noticed Peppero's ghost (novice MiBe)
  7721 | D:7      | Found a basalt altar of Yredelemnul.
  7742 | D:7      | Reached XP level 10. HP: 60/63 MP: 19/19
  7803 | Temple   | Entered the Ecumenical Temple
  7884 | Temple   | Became a worshipper of Warmaster Okawaru
  8130 | D:8      | Reached skill level 7 in Polearms
  8131 | D:8      | Reached skill level 1 in Invocations
  8230 | D:8      | Found a flagged portal.
  8232 | D:8      | Noticed Amaemon
  8232 | D:8      | Noticed an orange demon
  8254 | D:8      | Killed Amaemon
  8257 | D:8      | Killed an orange demon
  8257 | D:8      | Reached * piety under Okawaru
  8258 | D:8      | Reached skill level 8 in Polearms
  8276 | Bailey   | Entered a bailey
  8641 | Bailey   | Noticed an orc high priest
  8650 | Bailey   | Killed an orc high priest
  8662 | Bailey   | Reached skill level 9 in Polearms
  8665 | Bailey   | Reached ** piety under Okawaru
  8903 | Bailey   | Reached skill level 5 in Invocations
  8949 | Bailey   | Found an iron altar of Okawaru.
  8949 | Bailey   | Noticed a kobold demonologist
  8960 | Bailey   | Killed a kobold demonologist
  8974 | Bailey   | Identified the +8 sling of Risukash {freeze, Dex+2}
  9056 | D:8      | Acquired the +2 helmet "Qapeh" {rN+ Slay+3}
  9063 | D:8      | Acquired wilfster70's Essays on Conflict and Combustion
  9065 | D:8      | Acquired 926 gold pieces
  9104 | D:8      | Reached XP level 11. HP: 67/67 MP: 16/20
  9194 | D:8      | Reached skill level 10 in Polearms
  9207 | D:8      | Noticed a two-headed ogre
  9214 | D:8      | Killed a two-headed ogre
  9214 | D:8      | Reached *** piety under Okawaru
  9355 | D:8      | Learned a level 2 spell: Passwall
  9730 | D:9      | Noticed a two-headed ogre
  9736 | D:9      | Killed a two-headed ogre
  9736 | D:9      | Reached **** piety under Okawaru
  9737 | D:9      | Reached skill level 1 in Transmutations
 10046 | D:9      | Noticed a skeletal warrior
 10063 | D:9      | Killed a skeletal warrior
 10063 | D:9      | Reached ***** piety under Okawaru
 10064 | D:9      | Reached skill level 5 in Earth Magic
 10126 | D:9      | Found the +5 scythe "Finisher" {speed, eviscerate}
 10430 | D:10     | Entered Level 10 of the Dungeon
 10433 | D:10     | Found a radiant altar of Vehumet.
 10448 | D:10     | Identified the +1 leather armour of Parlour Games {rN+
                  | Int-5 Dex+3 Slay-5}
 10492 | D:10     | Received a gift from Okawaru
 10539 | D:10     | Found Dolleos's Jewellery Shoppe.
 10739 | D:10     | Noticed Snorg
 10746 | D:10     | HP: 1/67 [Snorg (21)]
 10746 | D:10     | Mangled by Snorg

Illustrated notes

Levels and vault maps discovered:
D:1:      lemuel_arrival_behind_the_door_large, layout_basic, minivault_24,
          dreamdust_wishing_well, moated_statue, minmay_hedge_maze
D:2:      layout_basic, dreamdust_ecumenical_altar_grove, eino_tiny_chamber,
          minmay_joined_circles
D:3:      layout_loops_ring, bloody_trog, mainiacjoe_overflow_tiny_flanked,
          minmay_fractal_squares_gapless_5
D:4:      layout_basic, bloody_makhleb, lemuel_crystal_altar,
          gammafunk_temple_overflow_pools, grunt_temple_overflow_open,
          gammafunk_ghost_mausoleum
D:5:      layout_cave_pools, minmay_misc_feat_x, uniq_blork_the_orc, uniq_pikel
D:6:      layout_basic, mainiacjoe_overflow_catch_the_wave,
          minmay_misc_feat_pillars, minivault_24, uniq_crazy_yiuf_cottage
D:7:      layout_rooms, nicolae_yredelemnul_ghost_church,
          minmay_temple_entry_ruins, chequers_ossuary_entry_cave,
          corexii_corridor_pit, uniq_menkaure
D:8:      layout_loops_cross, enter_bailey_5, uniq_amaemon
D:9:      layout_cave_pools, minmay_guarded_unrand_finisher
D:10:     layout_loops_ring, vehumet_crystals, erik_lair_dragon, serial_shops,
          shop, uniq_harold, uniq_snorg, uniq_fannar
Temple:   hellmonk_temple_beads

Skill      XL: |  1  2  3  4  5  6  7  8  9 10 11 |
---------------+----------------------------------+-----
Ice Magic      | 5 |  5.6
Spellcasting   | 3 4 6 |  6.0
Polearms       | 1 3 4 6 9 10 | 10.0
Fighting       | 4 7 |  7.6
Evocations     | 1 4 |  4.2
Invocations    | 5 7 |  7.7
Transmutations | 3 |  3.0
Earth Magic    | 7 |  7.5
Dodging        | |  1.5
Stealth        | |  2.1

Action                   |  1- 3 |  4- 6 |  7- 9 | 10-12 || total
-------------------------+-------+-------+-------+-------++-------
Melee: Short sword       |    16 |    16 |       |       ||    32
       Punch             |       |     1 |       |       ||     1
       Halberd           |       |   100 |   312 |   174 ||   586
 Cast: Freeze            |    47 |     4 |       |       ||    51
       Frozen Ramparts   |       |    22 |    16 |    32 ||    70
       Ozocubu's Armour  |       |       |     1 |     3 ||     4
  Use: Scroll            |     2 |     4 |     3 |    20 ||    29
 Stab: Sleeping          |     2 |     3 |     2 |     2 ||     9
Armor: Robe              |    25 |    89 |   265 |   108 ||   487
       Steam dragon scal |       |       |       |     6 ||     6
Dodge: Dodged            |    34 |   121 |   265 |    92 ||   512

Table legend: (Time is in decaauts)
 A = Elapsed time spent in this place.
 B = Non-inter-level travel time spent in this place.
 C = Inter-level travel time spent in this place.
 D = Time resting spent in this place.
 E = Time spent auto-exploring this place.
 F = Levels seen in this place.
 G = Mean time per level.
                   A        B        C        D        E       F      G
               +--------+--------+--------+--------+--------+-----+--------+
         Total |  10871 |  10556 |    315 |   2354 |   4261 |  13 |  836.2 |
       Dungeon |   9453 |   9205 |    248 |   1833 |   4172 |  10 |  945.3 |
        Temple |    147 |     81 |     66 |      0 |     31 |   1 |  147.0 |
       Ossuary |    494 |    494 |      0 |    151 |     58 |   1 |  494.0 |
        Bailey |    775 |    775 |      0 |    370 |      0 |   1 |  775.0 |
               +--------+--------+--------+--------+--------+-----+--------+

Top non-repeatable levels by time:
     D:6: 1396 daAuts
     D:4: 1271 daAuts
     D:2: 1222 daAuts
     D:3: 1008 daAuts
     D:7: 952 daAuts
     D:1: 917 daAuts
     D:5: 827 daAuts
     D:9: 792 daAuts
  Bailey: 775 daAuts
     D:8: 748 daAuts
 Ossuary: 494 daAuts
    D:10: 315 daAuts
  Temple: 147 daAuts
